 Dungeon Crawl Stone Soup version 0.20-a0-303-g575bbf7 (webtiles) character file.

23 Junicave the Digger (level 3, -2/19 HPs)
             Began as a Gargoyle Earth Elementalist on Dec 17, 2016.
             Slain by a gnoll
             ... wielding a cursed -2 spear
              (4 damage)
             ... on level 1 of the Dungeon.
             The game lasted 00:02:06 (611 turns).

Junicave the Digger (Gargoyle Earth Elementalist)    Turns: 611, Time: 00:02:06

Health: -2/19      AC:  5    Str: 11    XL:     3   Next: 0%
Magic:  0/6        EV: 12    Int: 16    God:
Gold:   9          SH:  0    Dex: 10    Spells: 6/7 levels left

rFire  . . .     SeeInvis .     j - -3 dagger (curse)
rCold  . . .     Gourm    .     c - +0 robe
rNeg   + . .     Faith    .     (no shield)
rPois  ∞         Spirit   .     (no helmet)
rElec  +         Reflect  .     (no cloak)
rCorr  +         Harm     .     (no gloves)
MR     .....                    (no boots)
Stlth  ++........               (no amulet)
                                (no ring)
                                a - ring of resist corrosion

@: very slightly contaminated
A: negative energy resistance 1, electricity resistance, unbreathing,
petrification resistance, rot immunity, AC +3
a: no special abilities


You were on level 1 of the Dungeon.
You were not hungry.

You visited 1 branch of the dungeon, and saw 1 of its levels.

You collected 9 gold pieces.

Inventory:

Hand Weapons
 f - a +0 dagger of electrocution
 j - a cursed -3 dagger (weapon)
Missiles
 b - 72 stones (quivered)
Armour
 c - a +0 robe (worn)
Jewellery
 a - a ring of resist corrosion (left hand)
Scrolls
 i - 2 scrolls of enchant armour {unknown}
 l - 2 scrolls of recharging {unknown}
Potions
 h - 2 potions of might {unknown}
 k - a potion of heal wounds {unknown}
 m - a potion of brilliance {unknown}
Books
 e - a book of Geomancy

   Spells                             Type                      Level
   a - Sandblast                      Earth                        1
   b - Passwall                       Transmutation/Earth          2
   c - Stone Arrow                    Conjuration/Earth            3
   d - Petrify                        Transmutation/Earth          4
   e - Lee's Rapid Deconstruction     Earth                        5
Comestibles
 d - 2 bread rations
 g - 2 chunks of flesh


   Skills:
 - Level 1.5 Dodging
 - Level 2.1 Stealth
 * Level 2.6 Spellcasting
   Level 0.7 Transmutations
 + Level 4.3 Earth Magic


You had 6 spell levels left.
You knew the following spells:

 Your Spells              Type           Power        Failure   Level  Hunger
a - Sandblast             Erth           ###...       4%          1    #......


Dungeon Overview and Level Annotations

Branches:
Dungeon (1/15)

Altars:


Innate Abilities, Weirdness & Mutations

You are resistant to torment.
Your stone body is resilient. (AC +3)
You are immune to poison.
You resist negative energy. (rN+)
You are resistant to electric shocks. (rElec)
You can survive without breathing.
You are immune to petrification.
You are immune to rotting.


Message History

You hit the gnoll.
The gnoll is heavily wounded.
The gnoll completely misses you.
You barely miss the gnoll.
The gnoll is heavily wounded.
The gnoll closely misses you.
You hit the gnoll.
The gnoll is heavily wounded.
The gnoll misses you.
You closely miss the gnoll.
The gnoll is heavily wounded.
The gnoll hits you with a spear.
* * * LOW HITPOINT WARNING * * *
You barely miss the gnoll.
The gnoll is heavily wounded.
The gnoll barely misses you.
You barely miss the gnoll.
The gnoll is heavily wounded.
The gnoll hits you with a spear.
You die...

#### #...##
#######..[..#
#...........#
########.##.##g....##
#..........#(@.......
#.######..###.#$!.###
#.#......## ##.#.##
##.#.####..# ##.#.
##....# #.#.# #.#.#
##.....## #.##.# ...#
#.......# #.##.# #..#
#.......# #.##.# #..#
#.......# #.##.# #..#
#


You could see a gnoll.

Vanquished Creatures
  A leopard gecko (D:1)
  6 goblins (D:1)
  3 hobgoblins (D:1)
  A kobold (D:1)
  4 bats (D:1)
  2 frilled lizards (D:1)
  4 rats (D:1)
21 creatures vanquished.

Notes
Turn   | Place    | Note
-------+----------+-------------------------------------------
     0 | D:1      | Junicave the Gargoyle Earth Elementalist began the quest for the Orb.
     0 | D:1      | Reached XP level 1. HP: 10/10 MP: 3/3
   117 | D:1      | Reached skill level 4 in Earth Magic
   117 | D:1      | Reached XP level 2. HP: 15/15 MP: 0/5
   597 | D:1      | Reached XP level 3. HP: 19/19 MP: 1/6
   611 | D:1      | Slain by a gnoll

Vault maps used:
D:1:      eino_arrival_druids_welcome

Skill      XL: |  1 |
---------------+----+-----
Earth Magic    | 4 |  4.3
Dodging        | |  1.5
Stealth        | |  2.1
Spellcasting   | |  2.6
Transmutations | |  0.7

Action                   || total
-------------------------++-------
Melee: Unarmed           ||     7
       Dagger            ||    30
 Cast: Sandblast         ||    22
 Stab: Sleeping          ||     1
Armor: Robe              ||    16
Dodge: Dodged            ||    36
